[ AOE2 MATCH · #513594443 ]
UnrankedGoths vs Khmer
Player's team · LOSS
Rival team · WIN
[ REPLAY ANALYSIS · EXTRACTED FROM THE RECORDED GAME ]
Feudal
9:42
Castle
—
Imperial
—
| APM avg | 59.0 |
| APM peak | 125 |
| eAPM avg | 31.1 |
| Villagers / military | 52 / 16 |
Focus
⚔️ 52.8% · 🌾 47.2%
Militia ×6 · Archer ×5 · Skirmisher ×4 · Spearman ×1
Feudal
9:40
Castle
23:51
Imperial
—
| APM avg | 78.1 |
| APM peak | 147 |
| eAPM avg | 33.8 |
| Villagers / military | 45 / 35 |
Focus
⚔️ 61.8% · 🌾 38.2%
Archer ×24 · Scout Cavalry ×5 · Knight ×3 · Skirmisher ×3
Match map
Initial resources + every placement click. Lines = walls · curves = elevation contours. ◆ gold · ⬟ stone · ● berries · ✦ relic · ◌ wall gap
Your base· Open — 7t gap
Jinko no jutsu's base· Open — unwalled flank
Smoothed initial terrain · ◌ = detected wall gap · hover for details
Inputs per minute
— DzeDanik - - Jinko no jutsu
Build order — DzeDanik
142 actions detected in the replay
| 0:00 | Research | Loom |
| 0:01 | Queue | Villager (Male) ×4 |
| 0:02 | Build | House |
| 0:04 | Build | House |
| 1:38 | Queue | Villager (Male) |
| 2:02 | Queue | Villager (Male) |
| 2:24 | Queue | Villager (Male) |
| 2:52 | Queue | Villager (Male) |
| 3:09 | Build | Lumber Camp |
| 3:12 | Queue | Villager (Male) |
| 3:37 | Queue | Villager (Male) |
| 3:43 | Queue | Villager (Male) |
| 4:11 | Queue | Villager (Male) |
| 4:22 | Build | House |
| 4:26 | Queue | Villager (Male) |
| 4:34 | Build | House |
| 4:52 | Queue | Villager (Male) |
| 5:06 | Build | House |
| 5:28 | Queue | Villager (Male) |
| 5:42 | Build | Palisade Wall |
| 5:46 | Build | Palisade Wall |
| 5:59 | Build | Palisade Wall |
| 6:03 | Queue | Villager (Male) |
| 6:15 | Build | Barracks |
| 6:17 | Queue | Villager (Male) |
| 6:31 | Queue | Villager (Male) |
| 7:03 | Queue | Villager (Male) |
| 7:07 | Build | House |
| 7:29 | Research | Feudal Age |
| 7:45 | Queue | Villager (Male) |
| 7:47 | Queue | Militia |
| 8:07 | Build | Mining Camp |
| 8:22 | Queue | Militia |
| 8:35 | Queue | Militia |
| 8:55 | Build | Palisade Wall |
| 9:10 | Queue | Villager (Male) |
| 9:23 | Queue | Villager (Male) |
| 9:42 | Age | Feudal Age |
| 9:43 | Research | Man-at-Arms (upgrade) |
| 9:43 | Research | Man-at-Arms (upgrade) |
| 9:46 | Build | Watch Tower |
| 9:55 | Queue | Villager (Male) |
| 10:12 | Build | Archery Range |
| 10:13 | Queue | Villager (Male) |
| 10:28 | Queue | Militia |
| 10:34 | Queue | Villager (Male) |
| 10:38 | Build | House |
| 10:43 | Build | Blacksmith |
| 10:46 | Queue | Villager (Male) |
| 10:49 | Queue | Villager (Male) |
| 10:57 | Queue | Archer |
| 11:09 | Queue | Archer |
| 11:29 | Queue | Villager (Male) |
| 11:33 | Build | Mining Camp |
| 11:40 | Queue | Skirmisher |
| 11:49 | Build | Palisade Wall |
| 11:52 | Build | Palisade Wall |
| 11:56 | Build | Palisade Wall |
| 11:58 | Queue | Skirmisher |
| 12:09 | Queue | Archer |
| 12:10 | Queue | Villager (Male) |
| 12:21 | Queue | Villager (Male) |
| 12:27 | Build | Palisade Wall |
| 12:28 | Queue | Skirmisher |
| 12:30 | Queue | Villager (Male) |
| 12:38 | Queue | Villager (Male) |
| 12:44 | Build | House |
| 12:47 | Research | Town Watch |
| 13:47 | Queue | Villager (Male) |
| 14:04 | Queue | Villager (Male) |
| 14:07 | Build | Mill |
| 14:13 | Queue | Villager (Male) |
| 14:22 | Queue | Villager (Male) |
| 14:40 | Build | House |
| 14:59 | Build | Blacksmith |
| 15:08 | Queue | Villager (Male) |
| 15:39 | Queue | Villager (Male) |
| 15:40 | Research | Fletching |
| 15:41 | Queue | Villager (Male) |
| 15:47 | Build | Farm |
| 15:53 | Queue | Villager (Male) |
| 16:00 | Queue | Villager (Male) |
| 16:03 | Build | Farm |
| 16:03 | Build | Farm |
| 16:04 | Build | Farm |
| 16:04 | Build | Farm |
| 16:04 | Build | Farm |
| 16:08 | Queue | Villager (Male) |
| 16:11 | Build | House |
| 16:19 | Queue | Archer |
| 16:39 | Build | Farm |
| 16:53 | Queue | Archer |
| 16:55 | Queue | Villager (Male) |
| 17:03 | Build | Farm |
| 17:05 | Build | Farm |
| 17:13 | Build | Farm |
| 17:32 | Build | Outpost |
| 17:36 | Build | Outpost |
| 17:46 | Build | Farm |
| 17:46 | Queue | Villager (Male) |
| 17:49 | Build | Palisade Wall |
| 17:54 | Build | House |
| 18:01 | Build | House |
| 18:03 | Build | Palisade Wall |
| 18:06 | Build | House |
| 18:09 | Build | House |
| 18:27 | Build | House |
| 18:42 | Queue | Villager (Male) |
| 18:54 | Queue | Villager (Male) |
| 18:56 | Queue | Villager (Male) |
| 18:59 | Build | Farm |
| 19:01 | Build | Farm |
| 19:02 | Build | Farm |
| 19:05 | Build | Palisade Wall |
| 19:13 | Build | Palisade Wall |
| 19:14 | Build | Palisade Wall |
| 19:18 | Queue | Skirmisher |
| 19:22 | Build | Palisade Wall |
| 19:23 | Queue | Spearman |
| 19:40 | Build | Market |
| 19:45 | Build | House |
| 19:50 | Queue | Villager (Male) |
| 19:52 | Build | House |
| 20:14 | Queue | Villager (Male) |
| 20:41 | Build | Watch Tower |
| 20:56 | Build | Palisade Wall |
| 21:00 | Queue | Villager (Male) |
| 21:09 | Research | Castle Age |
| 21:14 | Build | House |
| 22:30 | Build | House |
| 22:34 | Build | House |
| 22:53 | Build | House |
| 23:01 | Build | House |
| 23:03 | Build | House |
| 23:07 | Build | House |
| 23:26 | Research | Scale Mail Armor |
| 23:29 | Queue | Villager (Male) |
| 23:30 | Queue | Militia |
| 23:31 | Queue | Militia |
| 23:35 | Build | House |
| 23:46 | Build | Lumber Camp |
| 23:47 | Queue | Villager (Male) |
Build order — Jinko no jutsu
First 150 of 170 actions detected
| 0:00 | Queue | Villager (Male) |
| 0:00 | Queue | Villager (Male) |
| 0:02 | Build | House |
| 0:03 | Build | House |
| 0:16 | Queue | Villager (Male) |
| 0:18 | Queue | Villager (Male) |
| 1:16 | Queue | Villager (Male) |
| 1:58 | Queue | Villager (Male) |
| 2:25 | Queue | Villager (Male) |
| 2:26 | Queue | Villager (Male) |
| 2:37 | Build | Lumber Camp |
| 3:18 | Queue | Villager (Male) |
| 3:18 | Queue | Villager (Male) |
| 3:20 | Research | Loom |
| 3:28 | Queue | Villager (Male) |
| 3:59 | Build | House |
| 4:07 | Queue | Villager (Male) |
| 4:08 | Queue | Villager (Male) |
| 4:08 | Queue | Villager (Male) |
| 5:29 | Build | Mill |
| 6:09 | Queue | Villager (Male) |
| 6:34 | Queue | Villager (Male) |
| 7:00 | Queue | Villager (Male) |
| 7:28 | Research | Feudal Age |
| 7:58 | Build | House |
| 8:40 | Build | Mining Camp |
| 8:47 | Build | Palisade Wall |
| 8:49 | Build | House |
| 8:52 | Build | Palisade Wall |
| 9:20 | Build | Palisade Wall |
| 9:25 | Build | Palisade Wall |
| 9:26 | Build | Palisade Wall |
| 9:28 | Build | Palisade Wall |
| 9:28 | Build | Palisade Wall |
| 9:30 | Build | Palisade Wall |
| 9:38 | Queue | Villager (Male) |
| 9:40 | Age | Feudal Age |
| 9:43 | Build | Archery Range |
| 9:49 | Research | Double-Bit Axe |
| 9:52 | Build | Palisade Wall |
| 9:54 | Build | Palisade Wall |
| 9:55 | Build | Palisade Wall |
| 9:55 | Build | Palisade Wall |
| 9:56 | Build | Palisade Wall |
| 9:57 | Build | Palisade Wall |
| 9:58 | Build | Palisade Wall |
| 9:58 | Build | Palisade Wall |
| 10:00 | Build | Palisade Wall |
| 10:01 | Build | Palisade Wall |
| 10:02 | Build | Palisade Wall |
| 10:02 | Build | Palisade Wall |
| 10:03 | Build | Palisade Wall |
| 10:06 | Queue | Villager (Male) |
| 10:24 | Queue | Villager (Male) |
| 10:24 | Queue | Villager (Male) |
| 10:43 | Queue | Archer |
| 10:51 | Build | Palisade Wall |
| 10:56 | Queue | Villager (Male) |
| 11:00 | Build | Farm |
| 11:02 | Build | Farm |
| 11:03 | Queue | Archer |
| 11:08 | Build | Farm |
| 11:30 | Queue | Villager (Male) |
| 11:37 | Build | Mining Camp |
| 11:40 | Queue | Archer |
| 11:55 | Build | House |
| 12:00 | Build | House |
| 12:04 | Queue | Archer |
| 12:23 | Queue | Villager (Male) |
| 12:31 | Build | Blacksmith |
| 12:32 | Queue | Villager (Male) |
| 12:53 | Build | Farm |
| 13:00 | Queue | Skirmisher |
| 13:14 | Queue | Archer |
| 13:15 | Queue | Villager (Male) |
| 13:15 | Queue | Villager (Male) |
| 13:24 | Queue | Villager (Male) |
| 13:26 | Build | Farm |
| 13:36 | Research | Fletching |
| 13:38 | Build | House |
| 13:40 | Build | Palisade Wall |
| 13:41 | Build | Palisade Wall |
| 13:42 | Build | Palisade Wall |
| 13:42 | Build | Palisade Wall |
| 13:43 | Build | Palisade Wall |
| 14:07 | Queue | Villager (Male) |
| 14:09 | Build | Farm |
| 14:09 | Build | Farm |
| 14:10 | Build | Farm |
| 14:11 | Queue | Villager (Male) |
| 14:23 | Queue | Skirmisher |
| 14:38 | Queue | Archer |
| 15:08 | Queue | Villager (Male) |
| 15:09 | Queue | Archer |
| 15:26 | Queue | Villager (Male) |
| 15:31 | Queue | Archer |
| 15:43 | Build | Farm |
| 15:43 | Build | Farm |
| 15:43 | Build | Farm |
| 15:44 | Queue | Villager (Male) |
| 15:46 | Queue | Villager (Male) |
| 15:48 | Queue | Skirmisher |
| 15:57 | Build | Stable |
| 16:03 | Queue | Archer |
| 16:13 | Queue | Villager (Male) |
| 16:22 | Queue | Archer |
| 16:43 | Queue | Villager (Male) |
| 16:47 | Build | House |
| 16:47 | Build | House |
| 16:49 | Queue | Scout Cavalry |
| 16:50 | Queue | Archer |
| 16:55 | Queue | Scout Cavalry |
| 17:04 | Build | Farm |
| 17:04 | Build | Farm |
| 17:04 | Build | Farm |
| 17:05 | Build | Farm |
| 17:05 | Build | Farm |
| 17:05 | Build | Farm |
| 17:05 | Build | Farm |
| 17:12 | Queue | Scout Cavalry |
| 17:18 | Queue | Archer |
| 17:22 | Build | Farm |
| 17:22 | Build | Farm |
| 17:27 | Build | Farm |
| 17:27 | Queue | Villager (Male) |
| 17:30 | Queue | Archer |
| 17:35 | Queue | Villager (Male) |
| 17:38 | Queue | Archer |
| 17:43 | Build | House |
| 17:43 | Build | House |
| 17:59 | Queue | Archer |
| 18:00 | Queue | Scout Cavalry |
| 18:04 | Queue | Archer |
| 18:19 | Queue | Villager (Male) |
| 18:39 | Queue | Archer |
| 18:53 | Queue | Villager (Male) |
| 18:53 | Queue | Villager (Male) |
| 19:08 | Queue | Archer |
| 19:11 | Build | Farm |
| 19:11 | Build | Farm |
| 19:16 | Queue | Scout Cavalry |
| 19:17 | Queue | Archer |
| 19:35 | Build | House |
| 19:35 | Build | House |
| 19:37 | Queue | Villager (Male) |
| 19:48 | Queue | Archer |
| 19:51 | Queue | Villager (Male) |
| 19:51 | Queue | Archer |
| 19:53 | Build | Market |
| 20:09 | Build | Farm |
Match timeline
| 5:42 | DzeDanik · wall_segment Palisade Wall x1 |
| 5:46 | DzeDanik · wall_segment Palisade Wall x1 |
| 5:59 | DzeDanik · wall_segment Palisade Wall x1 |
| 6:15 | DzeDanik · first_building Barracks |
| 8:47 | Jinko no jutsu · wall_segment Palisade Wall x3 |
| 8:52 | Jinko no jutsu · wall_segment Palisade Wall x2 |
| 8:55 | DzeDanik · wall_segment Palisade Wall x1 |
| 9:20 | Jinko no jutsu · wall_segment Palisade Wall x1 |
| 9:25 | Jinko no jutsu · wall_segment Palisade Wall x1 |
| 9:26 | Jinko no jutsu · wall_segment Palisade Wall x1 |
| 9:28 | Jinko no jutsu · wall_segment Palisade Wall x1 |
| 9:28 | Jinko no jutsu · wall_segment Palisade Wall x1 |
| 9:30 | Jinko no jutsu · wall_segment Palisade Wall x1 |
| 9:40 | Jinko no jutsu · age_up feudal |
| 9:42 | DzeDanik · age_up feudal |
| 9:43 | Jinko no jutsu · first_building Archery Range |
| 9:52 | Jinko no jutsu · wall_segment Palisade Wall x1 |
| 9:54 | Jinko no jutsu · wall_segment Palisade Wall x1 |
| 9:55 | Jinko no jutsu · wall_segment Palisade Wall x1 |
| 9:55 | Jinko no jutsu · wall_segment Palisade Wall x1 |
| 9:56 | Jinko no jutsu · wall_segment Palisade Wall x1 |
| 9:57 | Jinko no jutsu · wall_segment Palisade Wall x1 |
| 9:58 | Jinko no jutsu · wall_segment Palisade Wall x1 |
| 9:58 | Jinko no jutsu · wall_segment Palisade Wall x1 |
| 10:00 | Jinko no jutsu · wall_segment Palisade Wall x1 |
| 10:01 | Jinko no jutsu · wall_segment Palisade Wall x1 |
| 10:02 | Jinko no jutsu · wall_segment Palisade Wall x1 |
| 10:02 | Jinko no jutsu · wall_segment Palisade Wall x1 |
| 10:03 | Jinko no jutsu · wall_segment Palisade Wall x1 |
| 10:12 | DzeDanik · first_building Archery Range |
| 10:51 | Jinko no jutsu · wall_segment Palisade Wall x1 |
| 11:49 | DzeDanik · wall_segment Palisade Wall x7 |
| 11:52 | DzeDanik · wall_segment Palisade Wall x9 |
| 11:56 | DzeDanik · wall_segment Palisade Wall x3 |
| 12:27 | DzeDanik · wall_segment Palisade Wall x5 |
| 13:40 | Jinko no jutsu · wall_segment Palisade Wall x1 |
| 13:41 | Jinko no jutsu · wall_segment Palisade Wall x1 |
| 13:42 | Jinko no jutsu · wall_segment Palisade Wall x1 |
| 13:42 | Jinko no jutsu · wall_segment Palisade Wall x1 |
| 13:43 | Jinko no jutsu · wall_segment Palisade Wall x1 |
| 15:57 | Jinko no jutsu · first_building Stable |
| 17:49 | DzeDanik · wall_segment Palisade Wall x7 |
| 18:03 | DzeDanik · wall_segment Palisade Wall x1 |
| 19:05 | DzeDanik · wall_segment Palisade Wall x9 |
| 19:13 | DzeDanik · wall_segment Palisade Wall x3 |
| 19:14 | DzeDanik · wall_segment Palisade Wall x7 |
| 19:22 | DzeDanik · wall_segment Palisade Wall x1 |
| 20:31 | DzeDanik · first_market_buy 100 stone |
| 20:48 | DzeDanik · first_market_sell 100 wood |
| 20:52 | Jinko no jutsu · first_market_buy 100 food |
| 20:53 | Jinko no jutsu · first_market_sell 100 wood |
| 20:56 | DzeDanik · wall_segment Palisade Wall x1 |
| 23:51 | Jinko no jutsu · age_up castle |
| 23:57 | DzeDanik · resign |
[ AI ANALYSIS · 1 CREDIT ]
What really happened in this match?
Wolo.gg analyzes every decision: build order, eco, micro, common mistakes by bracket. Personalized analysis on WhatsApp or Discord in 30 seconds.
Civ guide
Goths
Perfil
Jugador #3867568